[Event "fics rated crazyhouse match"]
[Site "fics, Oklahoma City, OK USA"]
[Date "2000.03.11"]
[White "Eyefor"]
[WhiteElo "2397"]
[Black "olsson"]
[BlackElo "2155"]
[TimeControl "180+0"]
[Result "1-0"]

1. Nc3 e6 2. e4 Nc6 3. Nf3 Be7 4. d4 d6 5. Bb5 Bd7 6. d5 
exd5 7. exd5 Ne5 8. Bxd7+ Qxd7 9. B@b5 P@c6 10. Nxe5 dxe5 11. dxc6 Qxd1+ 
12. Kxd1 Q@d6+ 13. P@d5 bxc6 14. Bxc6+ B@d7 15. Bxa8 N@g4 16. R@b8+ Bd8 17. Rxd8+ 
Kxd8 18. N@b7# 
{olsson resigns} 1-0

[Event "fics rated crazyhouse match"]
[Site "fics, Oklahoma City, OK USA"]
[Date "2000.03.11"]
[White "XXNoWay"]
[WhiteElo "2342"]
[Black "Eyefor"]
[BlackElo "2400"]
[TimeControl "180+0"]
[Result "0-1"]

1. e4 e5 2. Nc3 Nc6 3. Nf3 Nf6 4. Bc4 Ng4 5. O-O Bc5 6. d3 
Nxf2 7. Rxf2 Bxf2+ 8. Kxf2 P@d4 9. Bg5 R@f6 10. Bxf6 gxf6 11. N@g7+ Kf8 
12. B@h6 B@e3+ 13. Bxe3 dxe3+ 14. Kxe3 B@h6+ 15. P@g5 Bxg7 16. B@h6 Bxh6 17. gxh6 
B@f4+ 18. Ke2 Bxh6 19. B@h5 N@d4+ 20. Kf1 Nxf3 21. Bxf3 N@e3+ 22. Kg1 Nxd1 
23. Rxd1 Q@b6+ 24. N@f2 Qxb2 25. N@a4 Qxc2 26. Bb3 Qxf2+ 27. Kxf2 N@d4 28. Q@h5 
Nxb3 29. axb3 B@e3+ 30. Kf1 P@c2 31. Ra1 P@d2 32. N@e2 c1=Q+ 33. Nxc1 dxc1=Q+ 
34. Rxc1 N@d2+ 35. Ke2 Nd4+ 36. Kd1 N2xf3 37. gxf3 Bxc1 38. R@g2 P@g6 39. Qg4 
B@h5 40. Qxh5 R@f1+ 41. N@e1 gxh5 42. B@c5+ d6 43. Bxd4 exd4 44. P@g7+ Ke7 
45. Nd5+ Kd7 46. gxh8=Q Rxe1+ 47. Kxe1 B@d2+ 48. Kd1 Q@e1+ 49. Kc2 N@a3# 
{XXNoWay checkmated} 0-1

[Event "fics rated crazyhouse match"]
[Site "fics, Oklahoma City, OK USA"]
[Date "2000.03.11"]
[White "Eyefor"]
[WhiteElo "2407"]
[Black "XXNoWay"]
[BlackElo "2335"]
[TimeControl "180+0"]
[Result "0-1"]

1. Nc3 e6 2. e4 Nf6 3. e5 Nd5 4. Nf3 Nc6 5. Nxd5 exd5 6. d4 
d6 7. Bg5 Be7 8. exd6 cxd6 9. N@h5 Bxg5 10. Nxg7+ Kf8 11. P@b5 Nb8 
12. Nxg5 Qxg5 13. Nh5 P@d2+ 14. Ke2 Bg4+ 15. P@f3 Bxh5 16. B@e3 N@f4+ 17. Kxd2 
B@a5+ 18. Kc1 N@c4 19. Bxc4 dxc4 20. P@g3 c3 21. Bxf4 cxb2+ 22. Kxb2 Qxb5+ 
23. N@b4 Qxb4+ 24. Kc1 P@b2+ 25. Kb1 N@a3# 
{Eyefor checkmated} 0-1

[Event "fics rated crazyhouse match"]
[Site "fics, Oklahoma City, OK USA"]
[Date "2000.03.11"]
[White "XXNoWay"]
[WhiteElo "2345"]
[Black "Eyefor"]
[BlackElo "2397"]
[TimeControl "180+0"]
[Result "1-0"]

1. e4 Nc6 2. Nc3 e5 3. Nf3 Nf6 4. Bc4 Ng4 5. d3 Nxf2 6. Kxf2 
Bc5+ 7. Kf1 P@e6 8. Bg5 Be7 9. Bxe7 Qxe7 10. B@h4 Qb4 11. N@h5 Rg8 
12. Bf6 Qxc3 13. bxc3 N@e3+ 14. Ke2 Nxd1 15. Raxd1 Q@g4 16. Nxg7+ Rxg7 17. Bxg7 
N@f4+ 18. Kd2 Qxg2+ 19. Kc1 Ne2+ 20. Kb1 Nxc3+ 21. Ka1 P@b2+ 22. Kxb2 Nxd1+ 
23. Rxd1 P@a3+ 24. Kxa3 R@c3+ 25. R@b3 B@c5+ 26. Ka4 Qxg7 27. N@h5 Rxc4+ 28. dxc4 
Qf8 29. P@g7 Qxg7 30. Nxg7+ Kf8 31. R@e8+ Kxg7 32. Q@g8+ Kf6 33. Q@g5# 
{Eyefor checkmated} 1-0

[Event "fics rated crazyhouse match"]
[Site "fics, Oklahoma City, OK USA"]
[Date "2000.03.11"]
[White "Eyefor"]
[WhiteElo "2388"]
[Black "XXNoWay"]
[BlackElo "2354"]
[TimeControl "180+0"]
[Result "0-1"]

1. Nc3 e6 2. e4 Nf6 3. e5 Nd5 4. Nf3 Nc6 5. Nxd5 exd5 6. d4 
d6 7. Bg5 Be7 8. exd6 cxd6 9. N@h5 Bxg5 10. Nxg7+ Kf8 11. P@b5 P@d2+ 
12. Nxd2 Nxd4 13. P@e3 Kxg7 14. exd4 P@e3 15. fxe3 Bxe3 16. P@f6+ Qxf6 17. N@h5+ 
Kf8 18. P@g7+ Qxg7 19. Nxg7 B@f2+ 20. Ke2 N@f4+ 21. Kf3 P@g4# 
{Eyefor checkmated} 0-1

[Event "fics rated crazyhouse match"]
[Site "fics, Oklahoma City, OK USA"]
[Date "2000.03.11"]
[White "XXNoWay"]
[WhiteElo "2363"]
[Black "Eyefor"]
[BlackElo "2379"]
[TimeControl "180+0"]
[Result "0-1"]

1. e4 e5 2. Nc3 Nc6 3. Nf3 Nf6 4. Bc4 Ng4 5. d3 Nxf2 6. Kxf2 
Bc5+ 7. Kf1 P@b4 8. Ne2 O-O 9. N@f5 d6 10. Nxg7 Kxg7 11. P@h6+ Kg8 
12. Bg5 Qxg5 13. Nxg5 N@e3+ 14. Ke1 Nxg2+ 15. Kf1 Ne3+ 16. Ke1 B@h4+ 17. Kd2 
Nxc4+ 18. dxc4 Bxg5+ 19. N@f4 B@e3+ 20. Ke1 Bf2+ 21. Kd2 Bce3# 
{XXNoWay resigns} 0-1

[Event "fics rated crazyhouse match"]
[Site "fics, Oklahoma City, OK USA"]
[Date "2000.03.11"]
[White "Eyefor"]
[WhiteElo "2387"]
[Black "XXNoWay"]
[BlackElo "2355"]
[TimeControl "180+0"]
[Result "1-0"]

1. Nc3 e6 2. e4 Nf6 3. e5 Nd5 4. Nf3 Nc6 5. Nxd5 exd5 6. d4 
d6 7. Bg5 Be7 8. exd6 cxd6 9. N@h5 Bxg5 10. Nxg7+ Kf8 11. P@b5 Nb8 
12. Nxg5 Qxg5 13. Nh5 P@d2+ 14. Ke2 Bg4+ 15. P@f3 Bxh5 16. B@e3 N@f4+ 17. Bxf4 
Qxf4 18. Qxd2 N@e6 19. P@e3 Qf5 20. N@g3 B@c4+ 21. Ke1 Qg6 22. Bxc4 dxc4 
23. B@e4 Qh6 24. Bxb7 B@h4 25. Bxa8 Bxg3 26. hxg3 c3 27. Qxc3 N@a4 28. Qc8+ 
B@d8 29. P@c7 Nxc7 30. Qxd8+ N@e8 31. P@e7+ Kg8 32. Qxb8 P@c3 33. R@f8+ Qxf8 
34. N@f6+ Kg7 35. Nxh5+ Kg6 36. exf8=N+ Rxf8 37. B@f5# 
{XXNoWay resigns} 1-0

[Event "fics rated crazyhouse match"]
[Site "fics, Oklahoma City, OK USA"]
[Date "2000.03.11"]
[White "XXNoWay"]
[WhiteElo "2348"]
[Black "Eyefor"]
[BlackElo "2394"]
[TimeControl "180+0"]
[Result "1-0"]

1. d4 d5 2. Nc3 e6 3. Nf3 Bb4 4. Bg5 Ne7 5. e3 Bxc3+ 6. bxc3 
N@e4 7. Bxe7 Qxe7 8. B@b4 Qd8 9. Bd3 a5 10. Bxe4 dxe4 11. N@h5 axb4 
12. Nxg7+ Kf8 13. Ne5 bxc3 14. O-O Kxg7 15. N@h5+ Kg8 16. P@g7 N@d6 17. Qg4 
P@g6 18. gxh8=Q+ Kxh8 19. Nxg6+ fxg6 20. P@g7+ Kg8 21. R@h8+ Kf7 22. Rxd8 N@h3+ 
23. gxh3 Nd7 24. g8=Q+ Ke7 25. Q@f8# 
{Eyefor forfeits on time} 1-0

[Event "fics rated crazyhouse match"]
[Site "fics, Oklahoma City, OK USA"]
[Date "2000.03.11"]
[White "Eyefor"]
[WhiteElo "2385"]
[Black "XXNoWay"]
[BlackElo "2357"]
[TimeControl "180+0"]
[Result "0-1"]

1. Nc3 e6 2. e4 Nf6 3. e5 Nd5 4. Nf3 Nc6 5. Nxd5 exd5 6. d4 
d6 7. Bg5 Be7 8. exd6 cxd6 9. N@h5 Bxg5 10. Nxg7+ Kf8 11. P@b5 Nb8 
12. Nxg5 Qxg5 13. Nh5 P@d2+ 14. Qxd2 Qxd2+ 15. Kxd2 N@e4+ 16. Ke3 Q@d2+ 17. Kf3 
B@g4# 
{Eyefor checkmated} 0-1

[Event "fics rated crazyhouse match"]
[Site "fics, Oklahoma City, OK USA"]
[Date "2000.03.11"]
[White "XXNoWay"]
[WhiteElo "2366"]
[Black "Eyefor"]
[BlackElo "2376"]
[TimeControl "180+0"]
[Result "1-0"]

1. e4 e5 2. Nc3 Nc6 3. Nf3 Nf6 4. Bc4 Ng4 5. d3 Be7 6. O-O 
Rf8 7. h3 Nf6 8. Bg5 d6 9. Bxf6 Bxf6 10. Nd5 Nd4 11. Nxd4 exd4 
12. Nxc7+ Qxc7 13. N@d5 Qd7 14. N@c7+ Kd8 15. Nxa8 B@b8 16. P@c7+ Bxc7 17. Naxc7 
N@e7 18. Nxe7 Qxc7 19. Nd5 Qd7 20. B@c7+ Qxc7 21. Nxc7 N@e8 22. Nxe8 Rxe8 
23. Bxf7 P@h2+ 24. Kh1 Rf8 25. P@c7+ Ke7 26. Bc4 Ke8 27. N@e6 Bxe6 28. Bxe6 
B@c8 29. Bxc8 N@c5 30. B@d7+ Kf7 31. Q@e6+ Nxe6 32. Bxe6+ Kg6 33. B@f5+ Kg5 
34. Qg4+ Kh6 35. R@h5# 
{Eyefor checkmated} 1-0

[Event "fics rated crazyhouse match"]
[Site "fics, Oklahoma City, OK USA"]
[Date "2000.03.11"]
[White "XXNoWay"]
[WhiteElo "2382"]
[Black "Eyefor"]
[BlackElo "2360"]
[TimeControl "180+0"]
[Result "1-0"]

1. e4 e5 2. Nc3 Nc6 3. Bc4 Bc5 4. Nf3 Nh6 5. d3 Ng4 6. O-O 
Nxf2 7. Rxf2 Bxf2+ 8. Kxf2 P@d4 9. Ne2 d6 10. B@h4 Qd7 11. Bb5 R@c5 
12. Bxc6 Qxc6 13. N@h5 Rxc2 14. Nxg7+ Kd7 15. N@f6+ Kd8 16. Nd5+ Kd7 17. Qxc2 
Qxc2 18. R@e7+ Kc6 19. Rxc7+ Kb5 20. Rxc2 P@e3+ 21. Kf1 Q@h1+ 22. Neg1 e2+ 
23. Kxe2 Qxg2+ 24. P@f2 B@f1+ 25. Ke1 Qxf2+ 26. Bxf2 P@d2+ 27. Bxd2 P@c3 28. Q@c4+ 
Ka5 29. Q@a4# 
{Eyefor checkmated} 1-0

[Event "fics rated crazyhouse match"]
[Site "fics, Oklahoma City, OK USA"]
[Date "2000.03.11"]
[White "BurgerKing"]
[WhiteElo "2377"]
[Black "Frosch"]
[BlackElo "2114"]
[TimeControl "0+1"]
[Result "1-0"]

1. e4 Nc6 2. d4 d5 3. e5 Bf5 4. Bb5 e6 5. Bxc6+ bxc6 6. N@g5 
Be7 7. Nxf7 Kxf7 8. P@g4 Bg6 9. Nh3 B@e4 10. Nf4 Bxc2 11. Nxe6 
{Frosch forfeits on time} 1-0

[Event "fics rated crazyhouse match"]
[Site "fics, Oklahoma City, OK USA"]
[Date "2000.03.11"]
[White "Frosch"]
[WhiteElo "2111"]
[Black "BurgerKing"]
[BlackElo "2403"]
[TimeControl "0+1"]
[Result "0-1"]

1. e4 Nf6 2. Nc3 d5 3. exd5 Nxd5 4. Nxd5 Qxd5 5. N@e3 Qd7 6. d4 
P@e4 7. Bc4 e6 8. d5 exd5 9. Qxd5 N@d6 10. Ne2 P@f3 11. gxf3 exf3 
12. Nd4 P@g2 13. Rg1 Nxc4 14. Qxc4 B@e4 15. Bd2 Qe7 16. O-O-O Nc6 17. Nxc6 
Bxc6 18. P@d5 N@e2+ 19. Kb1 Nxg1 20. P@e6 R@c5 21. exf7+ Kd8 22. Qxc5 Qxc5 
23. P@e6 Bxe6 24. R@e8+ Bxe8 25. fxe8=Q+ Kxe8 26. dxe6 Ne2 27. P@f7+ Ke7 28. B@d4 
Nxd4 29. N@f5+ Nxf5 30. Nxf5+ Qxf5 31. Bc3 Qxe6 32. N@d5+ Qxd5 33. Rxd5 g1=Q+ 
34. B@c1 Qxc1+ 35. Kxc1 N@e2+ 36. Kd2 R@d1+ 37. Kxd1 Q@c1# 
{Frosch checkmated} 0-1

[Event "fics rated crazyhouse match"]
[Site "fics, Oklahoma City, OK USA"]
[Date "2000.03.11"]
[White "BurgerKing"]
[WhiteElo "2423"]
[Black "Frosch"]
[BlackElo "2108"]
[TimeControl "0+1"]
[Result "1-0"]

1. e4 Nc6 2. d4 d5 3. e5 Bf5 4. Bb5 e6 5. Bxc6+ bxc6 6. N@g5 
Be7 7. Nxf7 Kxf7 8. P@g4 Bg6 9. Nc3 B@e4 10. Nxe4 Bxe4 11. f3 Bg6 
12. B@a4 Qd7 13. Bxc6 Qxc6 14. P@c5 Bxc5 15. dxc5 Qxc5 16. B@h5 B@f2+ 17. Kf1 
Bxg1 18. Rxg1 P@f2 19. Bxg6+ hxg6 20. B@e3 
{Frosch forfeits on time} 1-0

[Event "fics rated crazyhouse match"]
[Site "fics, Oklahoma City, OK USA"]
[Date "2000.03.11"]
[White "Frosch"]
[WhiteElo "2105"]
[Black "BurgerKing"]
[BlackElo "2440"]
[TimeControl "0+1"]
[Result "0-1"]

1. e4 Nf6 2. Nc3 d5 3. exd5 Nxd5 4. Nxd5 Qxd5 5. N@e3 Qd7 6. d4 
P@e4 7. Bc4 e6 8. d5 exd5 9. Bxd5 N@c5 10. Ne2 P@c6 11. Bxf7+ Qxf7 
12. P@f5 Bxf5 13. Nxf5 Qxf5 14. Nd4 Qf7 15. P@e6 Nxe6 16. Nxe6 Bb4+ 17. Bd2 
Bxd2+ 18. Qxd2 Qxe6 19. O-O N@h3+ 20. gxh3 N@f3+ 21. Kh1 Nxd2 22. B@g4 P@g2+ 
23. Kxg2 B@f3# 
{Frosch resigns} 0-1

[Event "fics rated crazyhouse match"]
[Site "fics, Oklahoma City, OK USA"]
[Date "2000.03.11"]
[White "BurgerKing"]
[WhiteElo "2454"]
[Black "Frosch"]
[BlackElo "2103"]
[TimeControl "0+1"]
[Result "1-0"]

1. e4 Nc6 2. d4 d6 3. Bb5 Bd7 4. Bxc6 bxc6 5. Nc3 Nf6 6. N@g5 
e6 7. Nxf7 Kxf7 8. P@g5 Ne8 9. d5 cxd5 10. exd5 Be7 11. Qf3+ P@f6 
12. dxe6+ Bxe6 13. P@d5 
{Frosch forfeits on time} 1-0

[Event "fics rated crazyhouse match"]
[Site "fics, Oklahoma City, OK USA"]
[Date "2000.03.11"]
[White "Frosch"]
[WhiteElo "2101"]
[Black "BurgerKing"]
[BlackElo "2466"]
[TimeControl "0+1"]
[Result "0-1"]

1. e4 e6 2. d4 d6 3. Nc3 Nf6 4. Nf3 Be7 5. Bg5 Nc6 6. e5 
Ng4 7. Bxe7 Qxe7 8. exd6 Qxd6 9. Bb5 P@e3 10. fxe3 B@f2+ 11. Ke2 Bxe3 
12. Ne4 Qf4 
{Frosch forfeits on time} 0-1

[Event "fics rated crazyhouse match"]
[Site "fics, Oklahoma City, OK USA"]
[Date "2000.03.11"]
[White "BurgerKing"]
[WhiteElo "2477"]
[Black "Frosch"]
[BlackElo "2099"]
[TimeControl "0+1"]
[Result "1-0"]

1. e4 Nc6 2. d4 d5 3. exd5 Qxd5 4. Nf3 e5 5. dxe5 Qxd1+ 6. Kxd1 
Bg4 7. Nd2 O-O-O 8. Q@a8+ Q@b8 9. Qxb8+ Kxb8 10. P@f4 P@e4 11. Q@g3 Bxf3+ 
12. gxf3 exf3 13. Qxf3 N@d4 14. Qe3 P@e2+ 15. Bxe2 Nxe2 16. Qxe2 Nd4 17. P@b6 
axb6 18. P@a7+ Kxa7 19. P@e7 Bxe7 20. N@b5+ Nxb5 21. B@b4 N@d4 22. Bxe7 Nxe2 
23. Bxd8 Ne7 24. Bxe7 Re8 25. R@c8 
{Frosch forfeits on time} 1-0

[Event "fics rated crazyhouse match"]
[Site "fics, Oklahoma City, OK USA"]
[Date "2000.03.11"]
[White "Frosch"]
[WhiteElo "2097"]
[Black "BurgerKing"]
[BlackElo "2487"]
[TimeControl "0+1"]
[Result "0-1"]

1. e4 e6 2. Nc3 Nc6 3. Bb5 Bc5 4. Bxc6 dxc6 5. d4 Bxd4 6. Nge2 
Bxc3+ 7. bxc3 Qxd1+ 8. Kxd1 Q@d8+ 9. B@d3 P@c4 10. N@e5 cxd3 11. cxd3 B@f6 
12. Nf3 Qxd3+ 13. Bd2 P@b2 
{Frosch resigns} 0-1

[Event "fics rated crazyhouse match"]
[Site "fics, Oklahoma City, OK USA"]
[Date "2000.03.11"]
[White "BurgerKing"]
[WhiteElo "2496"]
[Black "Frosch"]
[BlackElo "2095"]
[TimeControl "0+1"]
[Result "0-1"]

1. e4 Nc6 2. d4 d5 3. exd5 Qxd5 4. Nf3 e5 5. dxe5 Qxd1+ 6. Kxd1 
Bg4 7. Nd2 O-O-O 8. Q@a8+ Q@b8 9. Qxb8+ Kxb8 10. P@f4 P@e4 11. Q@g3 Bxf3+ 
12. gxf3 exf3 13. Qxf3 N@d4 14. Qe3 P@e2+ 15. Bxe2 Nxe2 16. Qxe2 Nd4 17. P@b6 
axb6 18. P@a7+ Kxa7 19. P@e7 Bxe7 20. N@b5+ Nxb5 21. B@b4 Bxb4 22. Qg4 Bxd2 
23. Bxd2 Ne7 24. Qe2 Nd4 25. Qe1 P@e2+ 26. Qxe2 Nxe2 27. Kxe2 N@d4+ 28. Kd1 
P@e2+ 29. Kc1 Q@d1+ 30. Rxd1 exd1=Q+ 31. Kxd1 P@e2+ 32. Ke1 Q@f1# 
{BurgerKing checkmated} 0-1

[Event "fics rated crazyhouse match"]
[Site "fics, Oklahoma City, OK USA"]
[Date "2000.03.11"]
[White "Frosch"]
[WhiteElo "2109"]
[Black "BurgerKing"]
[BlackElo "2419"]
[TimeControl "0+1"]
[Result "0-1"]

1. e4 Nf6 2. Nc3 d5 3. exd5 Nxd5 4. Nxd5 Qxd5 5. N@e3 Qd7 6. d4 
P@e4 7. P@d3 Qxd4 8. Ne2 Qe5 9. dxe4 Qxe4 10. Ng3 Qf4 11. Nd5 Qe5+ 
12. P@e4 Qd6 13. Bf4 e5 14. Bxe5 Qxe5 15. P@f4 B@a5+ 16. c3 Qd6 17. Bc4 
N@h4 18. O-O Nxg2 19. Kxg2 P@e5 20. Qf3 Qxd5 
{Frosch forfeits on time} 0-1

[Event "fics rated crazyhouse match"]
[Site "fics, Oklahoma City, OK USA"]
[Date "2000.03.11"]
[White "BurgerKing"]
[WhiteElo "2378"]
[Black "Lomboc"]
[BlackElo "2191"]
[TimeControl "120+0"]
[Result "1-0"]

1. e4 e6 2. d4 d5 3. exd5 exd5 4. Bb5+ c6 5. Qe2+ Be7 6. Bf4 
P@c7 7. Bd3 Nf6 8. P@g5 Nfd7 9. Nc3 Nb6 10. Be5 Rg8 11. Bxh7 Rh8 
12. P@g6 fxg6 13. Bxg6+ P@f7 14. Bxg7 Rg8 15. P@f6 fxg6 16. fxe7 Qxe7 17. Qxe7+ 
Kxe7 18. B@f6+ Ke6 19. Q@e5+ Kf7 20. Qe7# 
{Lomboc checkmated} 1-0

[Event "fics rated crazyhouse match"]
[Site "fics, Oklahoma City, OK USA"]
[Date "2000.03.11"]
[White "Lomboc"]
[WhiteElo "2187"]
[Black "BurgerKing"]
[BlackElo "2395"]
[TimeControl "120+0"]
[Result "0-1"]

1. e4 e6 2. Nc3 d6 3. d4 h6 4. Nf3 Nf6 5. e5 dxe5 6. dxe5 
Qxd1+ 7. Nxd1 Q@a5+ 8. Bd2 P@b4 9. P@c3 Ne4 10. Q@d3 bxc3 11. Nxc3 Nxf2 
12. Kxf2 Qb6+ 13. Be3 Qxb2 14. Rb1 Qxc3 15. Qxc3 N@e4+ 16. Ke1 Nxc3 17. Rc1 
P@b2 18. Bb5+ Nxb5 19. Rb1 Q@a5+ 20. P@d2 Qxa2 21. Q@d1 P@e4 22. Nd4 B@h4+ 
23. N@g3 Nxd4 24. Bxd4 P@e2 25. Qxe2 Qxb1+ 26. Kf2 R@f4+ 27. P@f3 N@g4# 
{Lomboc checkmated} 0-1

[Event "fics rated crazyhouse match"]
[Site "fics, Oklahoma City, OK USA"]
[Date "2000.03.11"]
[White "BurgerKing"]
[WhiteElo "2410"]
[Black "Lomboc"]
[BlackElo "2183"]
[TimeControl "120+0"]
[Result "1-0"]

1. e4 e5 2. Bc4 Nc6 3. Nf3 Nf6 4. Bxf7+ Kxf7 5. Nc3 d6 6. P@g5 
Ng8 7. d4 B@g6 8. dxe5 Be7 9. exd6 cxd6 10. P@d5 Kf8 11. dxc6 bxc6 
12. Nd4 P@f7 13. Nxc6 Qc7 14. P@d5 Bb7 15. N@b5 Qb6 16. Be3 P@c5 17. Nxe7 
Nxe7 18. B@c7 Qa6 19. Bxd6 Re8 20. P@d7 Rd8 21. Bxe7+ Kxe7 22. Bxc5+ Kxd7 
23. P@c6+ Kc8 24. cxb7+ Kxb7 25. B@c6+ Kb8 
{Lomboc resigns} 1-0

[Event "fics rated crazyhouse match"]
[Site "fics, Oklahoma City, OK USA"]
[Date "2000.03.11"]
[White "Lomboc"]
[WhiteElo "2179"]
[Black "BurgerKing"]
[BlackElo "2423"]
[TimeControl "120+0"]
[Result "0-1"]

1. e4 e6 2. Nc3 Nc6 3. d4 Bb4 4. Nf3 Nf6 5. Bg5 Bxc3+ 6. bxc3 
N@g4 7. e5 Nxf2 8. Bxf6 Nxd1 9. Bxd8 Nxc3 10. N@h5 Q@e3+ 11. Q@e2 P@f2# 
{Lomboc checkmated} 0-1

[Event "fics rated crazyhouse match"]
[Site "fics, Oklahoma City, OK USA"]
[Date "2000.03.11"]
[White "BurgerKing"]
[WhiteElo "2434"]
[Black "Lomboc"]
[BlackElo "2176"]
[TimeControl "120+0"]
[Result "0-1"]

1. e4 e6 2. d4 d5 3. exd5 exd5 4. Bb5+ Nc6 5. Qe2+ P@e6 6. Bxc6+ 
bxc6 7. N@e5 Bd7 8. P@b7 Rb8 9. Qa6 B@b6 10. Ngf3 f6 11. Nxd7 Qxd7 
12. B@h5+ g6 13. Bg4 Nh6 14. Bxh6 Bxh6 15. N@c8 N@b4 16. Qa4 B@a5 17. Nxb6 
cxb6 18. Kf1 O-O 19. B@c3 N@a6 20. a3 Rxb7 21. axb4 Nxb4 22. Bxb4 Bxb4 
23. Qxb4 B@d6 24. Qe1 P@e4 25. Nc3 exf3 26. Bxe6+ Qxe6 27. Qxe6+ Rbf7 28. Qxd6 
fxg2+ 29. Kxg2 N@f4+ 30. Kg1 P@g2 31. Qxc6 gxh1=Q+ 32. Kxh1 P@g2+ 33. Kg1 R@h1# 
{BurgerKing checkmated} 0-1

[Event "fics rated crazyhouse match"]
[Site "fics, Oklahoma City, OK USA"]
[Date "2000.03.11"]
[White "ronenl"]
[WhiteElo "2103"]
[Black "Eyefor"]
[BlackElo "2346"]
[TimeControl "120+0"]
[Result "0-1"]

1. e4 e6 2. d4 d6 3. Bd3 d5 4. e5 Nc6 5. c3 Nge7 6. Nh3 
h6 7. Be3 Nf5 8. O-O Nxe3 9. fxe3 B@f5 10. Bxf5 exf5 11. B@b5 B@g4 
12. Qe1 Bxh3 13. gxh3 N@c2 14. Qf2 Nxa1 15. Na3 Bxa3 16. bxa3 N@e4 17. N@h5 
R@g5# 
{ronenl resigns} 0-1

[Event "fics rated crazyhouse match"]
[Site "fics, Oklahoma City, OK USA"]
[Date "2000.03.11"]
[White "spurs"]
[WhiteElo "2354"]
[Black "venomous"]
[BlackElo "2415"]
[TimeControl "60+0"]
[Result "0-1"]

1. d4 e6 2. Nf3 Be7 3. Bg5 Bxg5 4. e3 Be7 5. Nc3 b6 6. Bb5 
Bb7 7. O-O a6 8. Bd3 Nf6 9. e4 B@g4 10. h3 Bh5 11. Be2 Nxe4 
12. Nxe4 Bxe4 13. Ne5 Bxe2 14. Qxe2 B@g6 15. B@f3 N@f4 16. Qe3 Bxf3 17. Qxf3 
Nd5 18. c4 B@e4 19. Qe2 P@d3 20. Nxd3 Bxd3 21. Qd2 N@e2+ 22. Kh1 Nf6 
23. d5 exd5 24. cxd5 Bde4 25. P@f3 Bxd5 26. Qxe2 P@d3 27. Qe3 P@f4 28. Qxf4 
O-O 29. P@h6 gxh6 30. P@g7 Kxg7 31. N@f5+ Bxf5 32. Qxh6+ Kxh6 33. P@g5+ Kxg5 
34. f4+ Kxf4 35. B@e3+ Ke5 36. f4+ Kd6 37. Rf2 Q@g3 38. Raf1 Qxe3 39. Rf3 
Bxf3 40. Rxf3 Qxf3 41. gxf3 R@e1+ 42. Kg2 B@f1+ 43. Kf2 R@e2+ 44. Kg3 N@h5+ 
45. Kh4 Ne4+ 46. B@g5 Bxg5+ 47. Kxh5 Bg6# 
{spurs forfeits on time} 0-1

[Event "fics rated crazyhouse match"]
[Site "fics, Oklahoma City, OK USA"]
[Date "2000.03.11"]
[White "venomous"]
[WhiteElo "2422"]
[Black "spurs"]
[BlackElo "2347"]
[TimeControl "60+0"]
[Result "1-0"]

1. e4 e6 2. d4 d5 3. e5 Ne7 4. Nh3 Nf5 5. Be2 Be7 6. O-O 
h5 7. Bxh5 Nh4 8. Nc3 Nxg2 9. Kxg2 P@e4 10. N@g1 Rxh5 11. Qxh5 B@f3+ 
12. Nxf3 exf3+ 13. Kxf3 N@g5+ 14. Nxg5 Bxg5 15. R@h8+ N@f8 16. Bxg5 Qd7 17. N@h7 
{spurs resigns} 1-0

[Event "fics rated crazyhouse match"]
[Site "fics, Oklahoma City, OK USA"]
[Date "2000.03.11"]
[White "spurs"]
[WhiteElo "2341"]
[Black "venomous"]
[BlackElo "2428"]
[TimeControl "60+0"]
[Result "1-0"]

1. d4 e6 2. Nf3 Be7 3. e4 Nf6 4. Nc3 O-O 5. Bg5 Nc6 6. Bb5 
d5 7. Bxf6 Bxf6 8. e5 Be7 9. Bxc6 bxc6 10. N@h5 B@g4 11. Nxg7 Kxg7 
12. P@f6+ Bxf6 13. exf6+ Qxf6 14. B@e5 Qxe5+ 15. dxe5 B@e7 16. h3 Bh5 17. Qd2 
N@g8 18. Q@g5+ B@g6 19. Qxe7 Nxe7 20. B@f6+ Kg8 21. N@h6# 
{venomous checkmated} 1-0

[Event "fics rated crazyhouse match"]
[Site "fics, Oklahoma City, OK USA"]
[Date "2000.03.11"]
[White "venomous"]
[WhiteElo "2418"]
[Black "spurs"]
[BlackElo "2351"]
[TimeControl "60+0"]
[Result "1-0"]

1. e4 e6 2. d4 d5 3. e5 Ne7 4. Nh3 Nf5 5. Be2 Be7 6. O-O 
Nc6 7. Be3 Bd7 8. Nc3 Nh4 9. f4 Nf5 10. Bf2 Bh4 11. Bxh4 Nxh4 
12. B@g5 B@e3+ 13. Kh1 Nxg2 14. Bxd8 Nxf4 15. Rxf4 Bxf4 16. Nxf4 Kxd8 17. B@h4+ 
P@e7 18. N@c5 B@e8 19. Nxb7+ Kc8 20. Nc5 Rb8 21. P@b7+ Kd8 22. Nb5 P@b6 
23. Nxd7 Bxd7 24. B@c8 Bxc8 25. bxc8=Q+ Rxc8 26. B@b7 P@h5 27. Bxc6 B@e4+ 28. Bf3 
Bxf3+ 29. Qxf3 B@e8 30. N@b7# 
{spurs checkmated} 1-0

[Event "fics rated crazyhouse match"]
[Site "fics, Oklahoma City, OK USA"]
[Date "2000.03.11"]
[White "spurs"]
[WhiteElo "2345"]
[Black "venomous"]
[BlackElo "2424"]
[TimeControl "60+0"]
[Result "1-0"]

1. d4 e6 2. Nf3 Nf6 3. Bg5 Nc6 4. Bxf6 gxf6 5. e4 B@h5 6. Nc3 
Rg8 7. Bc4 d6 8. d5 Ne5 9. dxe6 fxe6 10. Nxe5 Bxd1 11. P@f7+ Ke7 
12. fxg8=N+ Ke8 13. Nxf6+ Qxf6 14. P@f7+ Kd8 15. R@e8# 
{venomous checkmated} 1-0

[Event "fics rated crazyhouse match"]
[Site "fics, Oklahoma City, OK USA"]
[Date "2000.03.11"]
[White "venomous"]
[WhiteElo "2414"]
[Black "spurs"]
[BlackElo "2355"]
[TimeControl "60+0"]
[Result "1-0"]

1. e4 e6 2. d4 d5 3. e5 Ne7 4. Nh3 Nf5 5. Be3 Bb4+ 6. c3 
Be7 7. Bd3 Bh4 8. O-O Nc6 9. Qg4 Nxe3 10. fxe3 B@f5 11. Bxf5 exf5 
12. Qxg7 B@f6 13. exf6 Bxf6 14. Qxh8+ Bxh8 15. R@g8+ Ke7 16. Rxd8 Kxd8 17. B@h4+ 
P@e7 18. N@e5 Bxe5 19. dxe5 N@e2+ 20. Kh1 R@g8 21. B@g5 Be6 22. P@d6 cxd6 
23. exd6 Q@d7 24. dxe7+ Kc8 25. B@b5 P@g4 26. Bxe2 gxh3 27. gxh3 f4 28. exf4 
Bxh3 29. P@g2 Bxg2+ 30. Kxg2 P@h3+ 31. Kf2 N@e4+ 32. Ke1 P@f2+ 33. Bxf2 Nxf2 
34. Rxf2 Rxg5 35. fxg5 Qxe7 36. R@g8+ B@d8 37. B@g4+ B@d7 38. Bxd7+ Qxd7 39. B@g4 
P@d2+ 40. Nxd2 B@e6 41. N@c5 Qe7 42. Nxe6 fxe6 43. B@f6 Qxf6 44. N@d6# 
{spurs forfeits on time} 1-0

[Event "fics rated crazyhouse match"]
[Site "fics, Oklahoma City, OK USA"]
[Date "2000.03.11"]
[White "spurs"]
[WhiteElo "2348"]
[Black "venomous"]
[BlackElo "2421"]
[TimeControl "60+0"]
[Result "0-1"]

1. d4 e6 2. Nf3 Nc6 3. Bg5 Be7 4. Bxe7 Qxe7 5. e4 Nf6 6. Nc3 
B@b4 7. Bb5 Nxe4 8. O-O Bxc3 9. Bxc6 dxc6 10. bxc3 Nxc3 11. Qd3 P@e4 
12. Qxc3 N@e2+ 13. Kh1 Nxc3 14. Ne5 P@f3 15. B@h3 B@f5 16. B@g4 fxg2+ 17. Bxg2 
P@f3 18. B2xf3 exf3 19. Bxf3 B@e4 20. P@g2 Bxf3 21. Nxf3 B@e4 22. B@h4 Bxf3 
23. Bxe7 Bxg2+ 24. Kxg2 Q@h3+ 25. Kg1 Ne2+ 26. Kh1 P@g2# 
{spurs checkmated} 0-1

[Event "fics rated crazyhouse match"]
[Site "fics, Oklahoma City, OK USA"]
[Date "2000.03.11"]
[White "venomous"]
[WhiteElo "2427"]
[Black "spurs"]
[BlackElo "2342"]
[TimeControl "60+0"]
[Result "1-0"]

1. e4 d5 2. exd5 Qxd5 3. Nc3 Qd8 4. Nf3 Nf6 5. Bc4 Bg4 6. O-O 
e6 7. P@h3 Bxf3 8. Qxf3 P@d5 9. Bb5+ Nc6 10. B@g5 N@e5 11. Qe2 Be7 
12. Qxe5 O-O 13. Qe2 d4 14. Nd1 Nd5 15. Bxe7 Ncxe7 16. d3 Nf5 17. B@e4 
B@f4 18. Bxd5 Bxc1 19. Rxc1 Qxd5 20. B@e4 Qxb5 21. Bxf5 Qxf5 22. N@e7+ Kh8 
23. Nxf5 exf5 24. N@h5 B@h6 25. N@f4 B@g5 26. Qe5 B@f6 27. Qxf5 Bxf4 28. Nxf4 
Bxf4 29. P@g5 B4xg5 30. B@f3 Bxc1 31. Bxb7 N@h4 32. Qg4 N@g6 33. P@h5 N@h6 
34. Qd7 Ne5 35. Qxc7 P@f3 36. P@g6 fxg2 37. Bxg2 Nxg2 38. gxh7 Nf3+ 39. Kh1 
Nf4 40. P@g2 Nxh3 41. P@b7 R@g1+ 42. Rxg1 Nxf2+ 43. Nxf2 
{spurs forfeits on time} 1-0